 Dungeon Crawl Stone Soup version 0.32-a0-20-ge526923d97 (webtiles) character file.

Game seed: 12099255219361246994

97 jasper the Trooper (level 4, -3/50 HPs)
             Began as an Oni Cinder Acolyte on Jan 17, 2024.
             Was a High Priest of Ignis.
             Slain by Ijyb
             ... wielding a +5 dagger of venom
              (6 damage)
             ... on level 3 of the Dungeon.
             The game lasted 00:03:19 (2590 turns).

jasper the Trooper (Oni Cinder Acolyte)             Turns: 2590, Time: 00:03:19

Health: -3/50      AC: 10    Str: 15 (18) XL:     4   Next: 68%
Magic:  2/8        EV:  9    Int: 15 (17) God:    Ignis [*****.]
Gold:   64         SH:  0    Dex:  2 (4)  Spells: 1/9 levels left

rFire   + . .        a - -1 spear (flame)
rCold   . . .        (no shield)
rNeg    + . .        b - +0 robe
rPois   +            (helmet restricted)
rElec   .            (no cloak)
rCorr   .            (gloves unavailable)
SInv    .            (boots unavailable)
Will    .....        (no amulet)
Stlth   +            i - ring of positive energy
HPRegen 0.28/turn    k - ring of poison resistance
MPRegen 0.11/turn

%: no passive effects
@: mighty, lethally poisoned (-3 -> -11), fiery-armoured
A: large, unfitting armour, horns 1, tough skin 1, double potion healing,
drunken brawling, hooves 1, persistent drain
a: Renounce Religion, Fiery Armour, Foxfire Swarm, Rising Flame


You were on level 3 of the Dungeon.
You worshipped Ignis.
Ignis was extremely pleased with you.
You visited 1 branch of the dungeon, and saw 3 of its levels.

You collected 64 gold pieces.

Inventory:

Hand Weapons
 a - a -1 spear of flaming (weapon)
Missiles
 h - 2 javelins
Armour
 b - a +0 robe (worn)
Magical Staves
 c - a staff of cold
Jewellery
 i - a ring of positive energy (left hand)
 k - a ring of poison resistance (right hand)
Scrolls
 d - a scroll of acquirement {unknown}
 e - a scroll of teleportation {unknown}
 g - 2 scrolls of identify {unknown}
Potions
 j - a potion of degeneration
 m - a potion of magic {unknown}
 n - 3 potions of curing {unknown}


   Skills:
 + Level 5.0 Fighting
 - Level 3.0 Polearms
 * Level 3.0 Spellcasting
 * Level 1.1 Translocations
 - Level 3.2 Fire Magic


You had one spell level left.
You knew the following spells:

 Your Spells              Type           Power      Damage    Failure   Level
a - Scorch                Fire           24%        2d6       8%          2
b - Gell's Gravitas       Tloc           5%         N/A       36%         3
c - Teleport Other        Tloc           5%         N/A       36%         3

Your spell library contained the following spells:

 Spells                   Type           Power      Damage    Failure   Level
 Sting                    Conj/Alch      8%         1d3       21%         1
 Lesser Beckoning         Tloc           10%        N/A       19%         2
 Mercury Vapours          Alch/Air       4%         N/A       30%         2
 Olgreb's Toxic Radiance  Alch           2%         N/A       89%         4


Dungeon Overview and Level Annotations

Branches:
Dungeon (3/15)

Altars:
Dithmenos

Shops:
D:2 [

Annotations:
D:3 Ijyb, Robin


Innate Abilities, Weirdness & Mutations

You are too large for most types of armour.
You have a pair of small horns on your head.
You have tough skin. (AC +1)
You gain doubled healing and magic from potions.
Whenever you drink a healing potion, you attack all around you.
You have large cloven feet.
Your health recovers twice as slowly from being drained.


Message History

Ijyb hits you but does no damage.
You are poisoned.
Robin roars a battlecry!
The goblins go into a battle-frenzy!
You feel very sick.
Ijyb hits you with a +5 dagger of venom.
Ijyb is burned by your cloak of flames.
Ijyb is almost dead.
You feel sick.
Ijyb hits you with a +5 dagger of venom!
You are lethally poisoned!
* * * LOW HITPOINT WARNING * * *
You feel very sick.
Ijyb zaps a wand.
You resist with some effort.
You can move again.
You take 26 damage, and have 15/50 hp.
MASSIVE DAMAGE!!
Unknown command.
Unknown command.
Unknown command.
It was a potion of degeneration.
There was something very wrong with that liquid.
You feel weakened.
You feel dopey.
You feel clumsy.
* * * LOW HITPOINT WARNING * * *
You feel very sick.
Ijyb hits you with a +5 dagger of venom.
* * * LOW HITPOINT WARNING * * *
You take 7 damage, and have 8/50 hp.
It was a potion of mutation.
You feel extremely strange.
You begin to recover more slowly from draining effects.
Your feet thicken and deform.
* * * LOW HITPOINT WARNING * * *
You feel very sick.
Ijyb zaps a wand.
You shrug off the repeated paralysis!
You take 3 damage, and have 5/50 hp.
It was a potion of might.
You feel very mighty all of a sudden.
* * * LOW HITPOINT WARNING * * *
You feel sick.
Ijyb hits you with a +5 dagger of venom.
You die...

.....+
...+########+..<..#
#................#
##.###.#.........#
#..<#.........#
#.###.........# ..†
#.........# #...
#.).......# #..#
#@#'####### #...
#g#.# #.# #..g#.#
.....)..#
#.........#
#........##
#....?....
#......### #..g...


You could see Ijyb (strong) and a hobgoblin (strong).

Vanquished Creatures
  A jelly (D:3)
  2 dart slugs (D:1)
  A ribbon worm (D:2)
  9 ball pythons
  6 bats (D:2)
  5 endoplasms
  2 giant cockroaches (D:2)
  5 goblins
  5 hobgoblins
  3 jackals (D:1)
  3 quokkas
  3 frilled lizards
  8 kobolds
  2 rats (D:1)
55 creatures vanquished.

Notes
Turn   | Place    | Note
-------+----------+-------------------------------------------
     0 | D:1      | jasper the Oni Cinder Acolyte began the quest for the Orb.
     0 | D:1      | Reached XP level 1. HP: 24/24 MP: 2/2
   107 | D:1      | Reached XP level 2. HP: 20/32 MP: 2/4
   115 | D:1      | Learned a level 2 spell: Scorch
   640 | D:1      | Reached XP level 3. HP: 40/40 MP: 0/6
   757 | D:1      | You fall into a shaft and drop 1 floor!
  1141 | D:2      | Found Secuin's Antique Armour Emporium.
  1785 | D:2      | Learned a level 3 spell: Gell's Gravitas
  1840 | D:2      | Found a shadowy altar of Dithmenos.
  2341 | D:2      | Reached XP level 4. HP: 49/49 MP: 4/7
  2353 | D:2      | Learned a level 3 spell: Teleport Other
  2486 | D:3      | Reached skill level 5 in Fighting
  2486 | D:3      | Reached skill level 1 in Translocations
  2567 | D:3      | Noticed Ijyb
  2568 | D:3      | Noticed Robin
  2583 | D:3      | Paralysed by Ijyb for 4 turns
  2589 | D:3      | Gained mutation: Your health recovers twice as slowly from
                  | being drained. [potion of mutation]
  2589 | D:3      | Gained mutation: You have large cloven feet. [potion of
                  | mutation]
  2590 | D:3      | Slain by Ijyb

Illustrated notes

Levels and vault maps discovered:
D:1:      dpeg_arrival_connections, layout_basic
D:2:      layout_basic, basic_altar, serial_shops, shop
D:3:      lemuel_castle_with_subvaults [lemuel_castle_interior_carwin_1],
          layout_basic, grunt_temple_overflow_magic_moments, fedhas_altar_3,
          mainiacjoe_overflow_24_doors, ebering_ghost_sewer_d,
          portal_sewer_entry_e, chequers_ecumenical_altar_simple, minivault_11,
          nicolae_goblin_pals

Skill      XL: |  1  2  3  4 |
---------------+-------------+-----
Fire Magic     | 3 |  3.2
Spellcasting   | 2 3 |  3.0
Fighting       | 5 |  5.0
Translocations | 1 |  1.1
Polearms       | |  3.0

Action                     |  1- 3 |  4- 6 || total
---------------------------+-------+-------++-------
  Melee: Spear             |    49 |     8 ||    57
         Headbutt          |     6 |       ||     6
         Punch             |     1 |       ||     1
   Cast: Scorch            |    40 |    11 ||    51
 Invoke: Fiery Armour      |       |     1 ||     1
    Use: Potion            |       |     3 ||     3
 Armour: Robe              |    30 |    13 ||    43
  Dodge: Dodged            |    29 |     2 ||    31

Table legend: (Time is in decaauts)
 A = Elapsed time spent in this place.
 B = Non-inter-level travel time spent in this place.
 C = Inter-level travel time spent in this place.
 D = Time resting spent in this place.
 E = Time spent auto-exploring this place.
 F = Levels seen in this place.
 G = Mean time per level.
                   A        B        C        D        E       F      G
               +--------+--------+--------+--------+--------+-----+--------+
         Total |   2586 |   2544 |     42 |      0 |   2228 |   3 |  862.0 |
       Dungeon |   2586 |   2544 |     42 |      0 |   2228 |   3 |  862.0 |
               +--------+--------+--------+--------+--------+-----+--------+

Top non-repeatable levels by time:
     D:2: 1386 daAuts
     D:1: 1089 daAuts
     D:3: 110 daAuts
